 Dungeon Crawl Stone Soup version 0.26-a0-712-ga5a9c9c9d0 (webtiles) character file.

Game seed: 13627281942427369257

11893 kae the Martial Artist (level 11, -2/63 HPs)
             Began as a Demonspawn Transmuter on Nov 10, 2020.
             Was a Follower of Hepliaklqana.
             Killed from afar by a deep troll earth mage (23 damage)
             ... with a blast of metal fragments
             ... on level 10 of the Dungeon.
             The game lasted 00:13:25 (16021 turns).

kae the Martial Artist (Demonspawn Transmuter)     Turns: 16021, Time: 00:13:25

Health: -2/63      AC:  7    Str: 19    XL:     11   Next: 55%
Magic:  0/15       EV: 12    Int: 15    God:    Hepliaklqana [*.....]
Gold:   504        SH:  0    Dex: 14    Spells: 3/16 levels left

rFire    . . .     SeeInvis +     - Unarmed
rCold    . . .     Faith    .   (shield currently unavailable)
rNeg     . . .     Spirit   +   a - +2 robe
rPois    .         Reflect  .   D - +1 hat {SInv}
rElec    .         Harm     .   (no cloak)
rCorr    .         Rampage  .   (gloves currently unavailable)
MR       .....                  (no boots)
Stlth    ++........             (no amulet)
HPRegen  0.20/turn              k - ring of stealth
MPRegen  0.28/turn              l - +6 ring of strength

@: blade hands
A: reduced essence, hooves 2, yellow scales 1, demonic guardian 2, magic shield,
magic regeneration, magic link
a: End Transformation, Recall Ancestor, Ancestor Identity, Renounce Religion


You were on level 10 of the Dungeon.
You worshipped Hepliaklqana.
Hepliaklqana was aware of your devotion.
You had blades for hands.
You visited 2 branches of the dungeon, and saw 11 of its levels.

You collected 579 gold pieces.
You spent 75 gold pieces at shops.

Inventory:

Armour
 a - a +2 robe (worn)
 B - a +0 helmet
 D - a +1 hat of see invisible (worn)
Jewellery
 c - an uncursed amulet of faith
 k - a ring of stealth (left scythe-like blade)
 l - a +6 ring of strength (right scythe-like blade)
 m - a +4 ring of evasion
Wands
 o - a wand of random effects (45)
 x - a wand of iceblast (5)
Scrolls
 b - a scroll of identify
 g - 2 scrolls of amnesia
 n - 6 scrolls of remove curse
 p - 2 scrolls of teleportation
 A - 2 scrolls of enchant armour
Potions
 d - 3 potions of degeneration
 e - 2 potions of cancellation
 f - 2 potions of curing
 h - a potion of magic
 i - 2 potions of stabbing
 j - 4 potions of might
 q - a potion of invisibility
 s - a potion of resistance {unknown}
 t - a potion of haste
 w - 3 potions of mutation


   Skills:
 - Level 1.0 Fighting
 - Level 1.7 Dodging
 * Level 11.6 Unarmed Combat
 - Level 3.0 Spellcasting
 * Level 11.4 Transmutations
 - Level 4.0 Ice Magic
 - Level 2.0 Poison Magic


You had 3 spell levels left.
You knew the following spells:

 Your Spells              Type           Power        Failure   Level
a - Beastly Appendage     Tmut           #####.       9%          1
b - Spider Form           Tmut/Pois      ###.......   28%         3
c - Blade Hands           Tmut           #####.....   32%         5
d - Ice Form              Ice/Tmut       ####....     43%         4

Your spell library contained the following spells:

 Spells                   Type           Power        Failure   Level
 Wereblood                Tmut           #####...     10%         2
 Animate Skeleton         Necr           #.....       63%         1
 Pain                     Necr           #...         63%         1
 Vampiric Draining        Necr           #.........   88%         3
 Animate Dead             Necr           #.........   99%         4
 Agony                    Necr           #.......     100%        5


Dungeon Overview and Level Annotations

Branches:
Dungeon (10/15)            Temple (1/1) D:7            Lair (0/6) D:10
    Orc (0/2) D:10

Altars:
Ashenzari
Cheibriados
Dithmenos
Elyvilon
Fedhas
Gozag
Hepliaklqana
Kikubaaqudgha
Makhleb
Nemelex Xobeh
Okawaru
Qazlal
Ru
Sif Muna
Trog
Uskayaw
Vehumet
Wu Jian
Xom
Yredelemnul
Zin
The Shining One

Shops:
D:5 *   D:9 :

Annotations:
D:9 exclusion: oklob plant


Innate Abilities, Weirdness & Mutations

You have hoof-like feet.
You are partially covered in yellow scales. (AC +2)
A demonic guardian rushes to your aid.
When hurt, damage is shared between your health and your magic reserves.
You regenerate magic rapidly.
When low on magic, you restore magic in place of health.
Your life essence is reduced to manifest your ancestor. (-10% HP)


Message History

The troll closely misses you.
You slice the troll!!
You kill the troll!
A sky beast comes into view.
You barely miss the sky beast. You kick the sky beast!
The sky beast is moderately wounded.
The sky beast hits you. The sky beast shocks you.
You shred the sky beast!!!
You kill the sky beast!
A deep troll earth mage comes into view.
You barely miss the deep troll earth mage.
You kick the deep troll earth mage, but do no damage.
You slash the deep troll earth mage!
The deep troll earth mage is moderately wounded.
The deep troll earth mage gestures at you while chanting.
The metal wall shatters!
The blast of metal fragments hits Mbali!!!
Mbali is destroyed!
The blast of metal fragments hits you!!
You die...

..# ##.....[...#.#.#.#...#####.
..#####....#.....###.######....#.
...##.....#####....#.#[.R§.#####.
.....(.(..# ##############.....
..........# .}#)#.........
..#####...## ## #.###....... .##
##...# ### #.#.#....... ##
#...###4T## #.#.###..... #
##..#.###@# #R#R#R#..... #
#.......## ####R#R#...... #
#....#### #..#.#.#...... # #...##
##..#.###.####. ## #..##
##...#.#...##... .### ##..#
##....###...#..P. ...## ##...#
##................ #...###...##
###.................
##.........###...).#.............


You could see a deep troll earth mage and a friendly ice devil (summoned).

Vanquished Creatures
  Gastronok (D:8)
  A frost giant (D:10)
  A stone giant (D:10)
  A deep troll (D:10)
  Maggie (D:8)
  A troll (D:10)
  A meliai zombie (D:10)
  A vampire (D:10)
  2 yaks (D:9)
  Grum (D:8)
  Eustachio (D:5)
  A warg (D:10)
  Menkaure (D:7)
  Duvessa (D:7)
  3 ice beasts
  3 orc warriors
  A phantom (D:10)
  4 sky beasts
  A black bear (D:6)
  6 centaurs
  4 ogres
  3 wolves (D:8)
  A big kobold (D:10)
  3 bullfrogs
  A water moccasin skeleton (D:9)
  3 scorpions
  9 wights
  A howler monkey (D:7)
  2 bullfrog zombies (D:5)
  A centaur zombie (D:6)
  3 hounds
  A quasit (D:8)
  7 jellies
  A bullfrog skeleton (D:10)
  7 orc priests
  12 orc wizards
  A gnoll shaman (D:2)
  3 iguanas
  Natasha (twice) (D:2)
  5 worker ants
  2 yak simulacra (D:9)
  Terence (D:2)
  3 polar bear simulacra (D:9)
  A wolf simulacrum (D:9)
  A hound skeleton (D:4)
  14 gnolls
  10 adders
  3 shadow imps
  3 white imps
  An ufetubus (D:5)
  An adder zombie (D:9)
  13 oozes (D:9)
  4 worms
  3 dart slugs
  4 leopard geckos
  29 orcs
  7 bats
  5 giant cockroaches
  5 goblins
  6 hobgoblins
  4 jackals
  10 kobolds
  2 quokkas (D:6)
  A ball python (D:2)
  8 frilled lizards
  A leopard gecko skeleton (D:7)
  A leopard gecko zombie (D:6)
  8 rats
  A river rat simulacrum (D:9)
255 creatures vanquished.

Vanquished Creatures (collateral kills)
  A necromancer (D:9)
  Joseph (D:9)
  A troll (D:10)
  4 yaks (D:9)
  A warg (D:10)
  A phantom (D:10)
  A centaur (D:10)
  A wolf (D:8)
  A bullfrog (D:9)
  Dowan (D:7)
  2 wights
  A hound (D:8)
  2 orc priests (D:4)
  An orc wizard (D:4)
  Natasha (D:2)
  A polar bear simulacrum (D:9)
  2 yak simulacra (D:9)
  An adder (D:3)
  A shadow imp (D:4)
  2 oozes (D:9)
  2 orcs
  A goblin (D:2)
  A bat (D:2)
  A river rat simulacrum (D:9)
32 creatures vanquished.

Vanquished Creatures (others)
  6 ancestors
  5 fungi (D:9)
  2 plants
13 creatures vanquished.

Grand Total: 300 creatures vanquished

Notes
Turn   | Place    | Note
-------+----------+-------------------------------------------
     0 | D:1      | kae the Demonspawn Transmuter began the quest for the Orb.
     0 | D:1      | Reached XP level 1. HP: 15/15 MP: 3/3
   341 | D:1      | Gained mutation: You are partially covered in yellow
                  | scales. (AC +2) [demonic ancestry]
   341 | D:1      | Reached XP level 2. HP: 15/21 MP: 3/5
   952 | D:2      | Found a radiant altar of Vehumet.
   988 | D:2      | Gained mutation: A weak demonic guardian rushes to your
                  | aid. [demonic ancestry]
   988 | D:2      | Reached XP level 3. HP: 20/26 MP: 6/6
  1064 | D:2      | Learned a level 3 spell: Spider Form
  1113 | D:2      | Noticed Terence
  1127 | D:2      | Killed Terence
  1548 | D:2      | Gained mutation: When hurt, damage is shared between your
                  | health and your magic reserves. [demonic ancestry]
  1548 | D:2      | Reached XP level 4. HP: 32/32 MP: 5/7
  1566 | D:2      | Noticed a +0 hand axe
  1567 | D:2      | Noticed a +0 hand axe
  1568 | D:2      | Found a hide-covered altar of Uskayaw.
  1743 | D:2      | Noticed Natasha
  1752 | D:2      | Killed Natasha
  1752 | D:2      | Reached skill level 1 in Poison Magic
  1996 | D:2      | Found a radiant altar of Vehumet.
  2030 | D:2      | Found a hide-covered altar of Uskayaw.
  2130 | D:2      | Noticed Natasha
  2140 | D:2      | Killed Natasha
  2414 | D:2      | Noticed Natasha
  2425 | D:2      | Killed Natasha
  2593 | D:3      | Reached XP level 5. HP: 37/37 MP: 7/9
  3270 | D:3      | Reached XP level 6. HP: 32/43 MP: 3/10
  4569 | D:4      | HP: 2/43 [poisoned by a worker ant]
  4577 | D:4      | HP: 2/43 [poisoned by a worker ant]
  4959 | D:4      | Reached skill level 5 in Unarmed Combat
  4967 | D:4      | Gained mutation: You have large cloven feet. [demonic
                  | ancestry]
  4967 | D:4      | Reached XP level 7. HP: 44/48 MP: 7/11
  5501 | D:5      | Entered Level 5 of the Dungeon
  5501 | D:5      | Found a broken altar of Ashenzari.
  5655 | D:5      | Reached skill level 5 in Transmutations
  5780 | D:5      | Noticed Eustachio
  5798 | D:5      | Killed Eustachio
  6003 | D:5      | Found a blossoming altar of Fedhas.
  6162 | D:5      | Found Roczus's Assorted Antiques.
  6165 | D:5      | Bought a scroll labeled SITTI XUON for 25 gold pieces
  6165 | D:5      | Bought a scroll of identify for 50 gold pieces
  6419 | D:5      | Gained mutation: You regenerate magic rapidly. [demonic
                  | ancestry]
  6419 | D:5      | Reached XP level 8. HP: 54/54 MP: 8/12
  6886 | D:5      | Learned a level 5 spell: Blade Hands
  6891 | D:5      | Learned a level 4 spell: Ice Form
  7333 | D:6      | Found a blossoming altar of Fedhas.
  7368 | D:6      | Found the +4 robe of Augmentation {Str+4 Int+4 Dex+4}
  8080 | D:7      | Gained mutation: When low on magic, you restore magic in
                  | place of health. [demonic ancestry]
  8080 | D:7      | Reached XP level 9. HP: 59/59 MP: 11/13
  8231 | D:7      | Reached skill level 1 in Ice Magic
  8368 | D:7      | Noticed Dowan
  8370 | D:7      | Noticed Duvessa
  8384 | D:7      | Killed Duvessa
  8403 | D:7      | Killed Dowan
  8754 | D:7      | Found a stormy altar of Qazlal.
  9023 | D:7      | Found a staircase to the Ecumenical Temple.
  9035 | Temple   | Entered the Ecumenical Temple
  9411 | D:7      | Noticed Menkaure
  9420 | D:7      | Killed Menkaure
 10225 | D:8      | Found a hazy altar of Hepliaklqana.
 10256 | D:8      | Found a burning altar of Makhleb.
 10259 | D:8      | Found an opulent altar of Gozag.
 10269 | D:8      | Became a worshipper of Hepliaklqana the Forgotten
 10294 | D:8      | Noticed Grum
 10307 | D:8      | Killed Grum
 10974 | D:8      | Noticed Gastronok
 10985 | D:8      | Killed Gastronok
 10985 | D:8      | Gained mutation: A demonic guardian rushes to your aid.
                  | [demonic ancestry]
 10985 | D:8      | Reached XP level 10. HP: 35/58 MP: 6/14
 11593 | D:8      | Noticed Maggie
 11604 | D:8      | Killed Maggie
 11699 | D:9      | Reached skill level 10 in Unarmed Combat
 11869 | D:9      | Noticed Joseph
 11961 | D:9      | Reached skill level 10 in Transmutations
 12124 | D:9      | Killed Joseph
 12160 | D:9      | Found Hapuem's Book Shop.
 12659 | D:9      | Noticed a necromancer
 12946 | D:9      | Noticed an oklob plant
 13192 | D:9      | Killed a necromancer
 13795 | D:10     | Entered Level 10 of the Dungeon
 14154 | D:10     | Found a staircase to the Orcish Mines.
 14167 | D:10     | Gained mutation: You have hoof-like feet. [demonic
                  | ancestry]
 14167 | D:10     | Reached XP level 11. HP: 63/63 MP: 13/15
 14215 | D:10     | Noticed a stone giant
 14222 | D:10     | Killed a stone giant
 14490 | D:10     | Found a staircase to the Lair.
 14503 | D:10     | Reached * piety under Hepliaklqana
 14504 | D:10     | Noticed a frost giant
 15454 | D:10     | Killed a frost giant
 15778 | D:10     | Noticed a deep troll
 15791 | D:10     | Killed a deep troll
 16019 | D:10     | Noticed a deep troll earth mage
 16021 | D:10     | Killed from afar by a deep troll earth mage

Illustrated notes

Levels and vault maps discovered:
D:1:      dpeg_arrival_stone_temple_mockup, layout_loops_ring
D:2:      layout_rooms, vehumet_crystals, dancing_weapons_uskayaw, uniq_natasha,
          uniq_terence
D:3:      layout_basic
D:4:      layout_basic
D:5:      wad_pebble_path, layout_basic, cheibrodos_ashenzari_chains,
          kennysheep_mini, serial_shops, shop, uniq_eustachio
D:6:      layout_loops_ring, basic_altar
D:7:      layout_loops_corners, lemuel_doored_altar,
          minmay_temple_entry_enclosed_plants, uniq_menkaure, uniq_duvessa
D:8:      layout_loops_cross, grunt_temple_overflow_open, skrybe_limestone_x,
          uniq_gastronok, uniq_grum, uniq_maggie
D:9:      lemuel_slime, layout_basic, serial_shops, nicolae_shop_crystal,
          eino_house_with_fridge, uniq_joseph
D:10:     minmay_chopped_fan, layout_layer_cave, erik_lair_orcish_takeover,
          orc_0_dummy
Temple:   eino_narrow_crystal_temple

Skill      XL: |  1  2  3  4  5  6  7  8  9 10 11 |
---------------+----------------------------------+-----
Transmutations | 2 3 4 5 7 9 10 11 | 11.4
Unarmed Combat | 3 4 5 6 7 9 10 11 | 11.6
Poison Magic   | 1 2 |  2.0
Spellcasting   | 3 |  3.0
Ice Magic      | 3 4 |  4.0
Fighting       | |  1.0
Dodging        | |  1.7

Action                   |  1- 3 |  4- 6 |  7- 9 | 10-12 || total
-------------------------+-------+-------+-------+-------++-------
Melee: Unarmed           |   102 |   191 |   325 |   189 ||   807
       Kick              |    13 |    12 |    16 |    31 ||    72
       Headbutt          |     7 |     6 |     2 |     2 ||    17
       Punch             |     1 |     1 |     1 |     4 ||     7
 Cast: Beastly Appendage |    19 |    12 |     3 |     3 ||    37
       Spider Form       |     3 |    15 |    42 |     9 ||    69
       Ice Form          |       |       |     2 |     1 ||     3
       Blade Hands       |       |       |     3 |    16 ||    19
  Use: Scroll            |       |       |    13 |    14 ||    27
       Potion            |       |       |       |     6 ||     6
 Stab: Distracted        |       |     2 |     6 |       ||     8
       Sleeping          |       |       |     3 |     1 ||     4
Armor: Robe              |    31 |    25 |    10 |    25 ||    91
       Skin              |     1 |     6 |    21 |     7 ||    35
Dodge: Dodged            |    91 |   173 |   234 |   111 ||   609

Table legend: (Time is in decaauts)
 A = Elapsed time spent in this place.
 B = Non-inter-level travel time spent in this place.
 C = Inter-level travel time spent in this place.
 D = Time resting spent in this place.
 E = Time spent auto-exploring this place.
 F = Levels seen in this place.
 G = Mean time per level.
                   A        B        C        D        E       F      G
               +--------+--------+--------+--------+--------+-----+--------+
         Total |  15926 |  15641 |    285 |   4217 |   9340 |  11 | 1447.8 |
       Dungeon |  15716 |  15439 |    277 |   4217 |   9140 |  10 | 1571.6 |
        Temple |    209 |    201 |      8 |      0 |    200 |   1 |  209.0 |
               +--------+--------+--------+--------+--------+-----+--------+

Top non-repeatable levels by time:
     D:9: 2285 daAuts
     D:2: 2135 daAuts
    D:10: 1933 daAuts
     D:7: 1867 daAuts
     D:8: 1626 daAuts
     D:3: 1484 daAuts
     D:5: 1437 daAuts
     D:6: 1066 daAuts
     D:4: 957 daAuts
     D:1: 921 daAuts
  Temple: 209 daAuts
